Map: 데이터-C

Players

soO - Winner!

  • Race: Zerg Zerg
  • Spawn Location: 9:00

Rengen

  • Race: Protoss Protoss
  • Spawn Location: 3:00

Event: DreamHack SC2 Masters 2022 Atlanta (Offline)

VOD

Have the link to the VOD?

Description

Time

  • Played on: Nov. 18, 2022, 12:17 p.m.
  • Length: 9:09

All games in this series

Show
View Real Time Build Order
Export as new Build Order

soO Zerg - Winner!

Build Orders: Hatch First 

Get SALT Encoding   

  12  0:01  Drone  
  13  0:11  Overlord  
  13  0:16  Drone  
  14  0:30  Drone x2  
  16  0:47  Hatchery  
  15  0:50  Drone  
  15  0:54  Drone  
  17  0:57  Drone  
  18  1:09  Extractor  
  17  1:13  Spawning Pool  
  17  1:17  Drone  
  17  1:20  Drone  
  18  1:27  Drone  
  19  1:38  Drone  
  20  1:48  Drone  
  21  1:59  Queen x2  
  21  2:00  Zergling x4  
  27  2:10  Overlord  
  27  2:11  Drone  
  28  2:23  Hatchery  
  28  2:28  Drone x2  
  29  2:31  Drone  
  29  2:33  Drone  
  31  2:39  Queen  
  33  2:44  Metabolic Boost  
  33  2:49  Overlord  
  33  2:52  Drone  
  33  2:55  Drone  
  33  2:56  Drone  
  36  3:04  Overlord  
  36  3:07  Queen  
  36  3:09  Drone  
  36  3:12  Drone x2  
  41  3:15  Drone  
  41  3:19  Queen  
  42  3:23  Drone  
  45  3:28  Drone x2  
  45  3:32  Drone  
  48  3:36  Queen  
  48  3:37  Drone  
  48  3:38  Drone x2  
  53  3:41  Drone  
  53  3:47  Drone x2  
  56  3:48  Spore Crawler  
  56  3:54  Drone  
  56  3:55  Spore Crawler  
  55  3:58  Drone  
  55  3:59  Evolution Chamber  
  55  4:01  Drone  
  55  4:02  Spore Crawler, Drone x2  
  57  4:04  Drone  
  57  4:07  Overlord  
  58  4:11  Overlord  
  58  4:21  Overlord  
  58  4:27  Drone x3  
  58  4:28  Zergling x6  
  58  4:29  Zerg Melee Weapons Level 1  
  64  4:31  Zergling x4  
  64  4:32  Drone  
  64  4:33  Drone  
  64  4:36  Overlord  
  68  4:39  Drone  
  68  4:42  Drone  
  68  4:45  Drone  
  71  4:48  Overlord  
  71  4:50  Drone x3  
  71  4:52  Drone x2  
  75  4:54  Drone x3  
  75  4:56  Lair  
  75  4:57  Drone x2  
  75  4:58  Drone  
  81  5:01  Extractor x2  
  81  5:03  Baneling Nest  
  81  5:05  Drone x2  
  80  5:13  Zergling x2  
  79  5:18  Drone x2  
  79  5:20  Drone  
  81  5:23  Drone x2  
  81  5:25  Drone x4  
  87  5:29  Drone x4, Hatchery  
  90  5:38  Extractor x2  
  90  5:40  Zergling x8  
  92  5:45  Hatchery  
  92  5:46  Overlord  
  91  5:52  Overlord  
  91  5:55  Zergling x12, Hydralisk Den  
  96  5:57  Overlord  
  93  6:04  Overlord  
  93  6:11  Centrifugal Hooks  
  93  6:16  Zergling x16  
  100  6:25  Zergling x2  
  100  6:26  Zergling x10, Grooved Spines  
  105  6:33  Hydralisk  
  105  6:34  Hydralisk x2  
  105  6:37  Zerg Melee Weapons Level 2  
  111  6:42  Hydralisk x4  
  111  6:43  Zergling x2  
  119  6:52  Hydralisk  
  119  6:53  Zergling x18  
  127  6:58  Drone  
  127  6:59  Drone  
  128  7:02  Evolution Chamber  
  128  7:05  Drone x3  
  128  7:07  Overseer, Drone  
  131  7:10  Spore Crawler  
  124  7:16  Hydralisk x3  
  124  7:17  Zergling x6, Overlord  
  124  7:20  Hydralisk  
  124  7:21  Zergling x8  
  136  7:27  Hydralisk x2  
  136  7:28  Hydralisk x2  
  137  7:31  Hydralisk  
  137  7:35  Drone  
  136  7:37  Extractor  
  136  7:38  Muscular Augments  
  135  7:44  Drone  
  135  7:45  Drone x4  
  135  7:46  Drone x2  
  135  7:49  Overlord  
  135  7:50  Overlord  
  142  7:53  Overlord  
  142  7:54  Zergling x16  
  142  7:56  Overlord  
  150  7:59  Overlord  
  150  8:07  Overlord  
  150  8:09  Zergling x2  
  150  8:10  Zergling x10  
  150  8:12  Overseer  
  156  8:17  Baneling x16  
  156  8:18  Zergling x26  
  169  8:23  Infestation Pit  
  169  8:26  Zergling x8  
  172  8:29  Baneling x5  
  172  8:34  Zergling x2  
  172  8:35  Zergling x10  
  172  8:37  Baneling x4  
  178  8:44  Hatchery  
  178  8:46  Zergling x20  
Show
View Real Time Build Order
Export as new Build Order

Rengen Protoss 

Build Orders: 1 Gate Expand, Oracle Opening 

Get SALT Encoding   

  12  0:00  Probe  
  13  0:12  Probe  
  14  0:18  Pylon  
  14  0:24  Probe  
  15  0:36  Probe (Chrono Boost)  
  15  0:38  Gateway  
  16  0:46  Probe (Chrono Boost)  
  16  0:47  Assimilator  
  17  0:51  Probe (Chrono Boost)  
  18  1:03  Probe  
  19  1:15  Probe  
  20  1:26  Nexus  
  20  1:35  Cybernetics Core  
  20  1:39  Probe  
  21  1:45  Assimilator  
  21  1:51  Probe  
  21  1:53  Pylon  
  22  2:03  Probe  
  23  2:09  Adept (Chrono Boost)  
  23  2:15  Probe  
  26  2:17  Stargate  
  26  2:27  Probe (Chrono Boost)  
  26  2:29  Warp Gate  
  27  2:35  Stalker  
  30  2:38  Probe (Chrono Boost)  
  30  2:42  Probe (Chrono Boost)  
  31  2:47  Probe (Chrono Boost)  
  31  2:49  Probe (Chrono Boost)  
  33  2:54  Probe x2 (Chrono Boost)  
  35  3:03  Oracle (Chrono Boost)  
  38  3:05  Probe  
  38  3:07  Probe  
  38  3:08  Pylon  
  40  3:18  Probe  
  40  3:19  Probe  
  42  3:21  Gateway  
  42  3:30  Probe  
  42  3:31  Oracle (Chrono Boost), Probe  
  47  3:42  Probe  
  47  3:46  Nexus  
  48  3:50  Probe  
  48  3:53  Pylon  
  50  3:55  Probe  
  50  3:59  Assimilator  
  50  4:03  Assimilator  
  50  4:04  Probe  
  50  4:08  Oracle (Chrono Boost), Probe  
  52  4:13  Pylon  
  55  4:18  Twilight Council  
  55  4:20  Forge  
  55  4:23  Probe  
  56  4:26  Pylon  
  56  4:27  Probe  
  57  4:35  Probe  
  58  4:39  Probe  
  59  4:47  Probe  
  59  4:50  Blink (Chrono Boost)  
  59  4:52  Probe  
  60  4:53  Protoss Ground Weapons Level 1 (Chrono Boost)  
  60  4:55  Gateway  
  60  4:56  Gateway  
  60  4:59  Probe  
  62  5:00  Probe  
  62  5:04  Probe  
  63  5:07  Sentry  
  63  5:08  Sentry  
  63  5:11  Probe  
  63  5:12  Probe  
  67  5:16  Shield Battery, Probe  
  68  5:23  Probe  
  68  5:24  Probe  
  68  5:28  Probe  
  71  5:35  Probe, Gateway  
  72  5:36  Gateway, Probe  
  72  5:39  Stalker x2  
  72  5:40  Probe  
  78  5:43  Pylon  
  78  5:47  Probe (Chrono Boost)  
  78  5:50  Stalker  
  78  5:51  Probe (Chrono Boost)  
  81  5:58  Probe (Chrono Boost), Stalker  
  81  5:59  Probe (Chrono Boost)  
  81  6:02  Pylon  
  81  6:03  Stalker x2  
  81  6:04  Probe x2 (Chrono Boost)  
  89  6:06  Probe (Chrono Boost)  
  91  6:12  Probe  
  91  6:14  Probe  
  91  6:15  Pylon  
  91  6:16  Probe  
  94  6:21  Pylon  
  94  6:30  Stalker x4  
  101  6:39  Stalker x2  
  105  6:43  Protoss Ground Weapons Level 2 (Chrono Boost)  
  105  6:53  Stalker x2  
  105  6:54  Stalker x2  
  109  6:57  Charge (Chrono Boost)  
  109  6:58  Probe  
  100  7:04  Pylon  
  100  7:05  Nexus  
  100  7:06  Pylon  
  100  7:07  Probe  
  101  7:09  Photon Cannon  
  101  7:15  Stalker x2  
  103  7:20  Stalker x3  
  95  7:25  Stalker  
  90  7:30  Probe x2  
  92  7:37  Probe  
  92  7:40  Stalker x2  
  92  7:42  Probe  
  92  7:43  Probe  
  99  7:46  Nexus  
  99  7:47  Templar Archives  
  99  7:48  Assimilator, Pylon  
  99  7:50  Assimilator  
  99  7:51  Sentry  
  99  7:52  Shield Battery  
  99  7:53  Shield Battery  
  99  7:57  Probe  
  101  8:04  Stalker x4  
  107  8:08  Probe  
  108  8:18  Stalker x2  
  108  8:19  Photon Cannon  
  112  8:23  Pylon  
  112  8:24  Assimilator  
  112  8:29  Probe x2, Assimilator  
  114  8:34  Shield Battery  
  114  8:36  High Templar, Pylon  
  116  8:43  Pylon  
  116  8:46  Shield Battery  
  116  8:47  High Templar  
  118  8:49  Shield Battery, Zealot x3  
  118  8:50  Zealot  
  124  9:02  Archon  
Tags
 
Add a new tag
Caveats
  • Supply blocks, unpowered buildings, or Contaminate may cause inaccurate times.
  • Supply counts are checked every 10 seconds.